 Dungeon Sprint DCSS version 0.27.1-1-g398f81649c (webtiles) character file.

Game seed: 9540545877631691817

567 styxcanada the Unseen (level 7, -1/38 HPs)
             Began as a Spriggan Brigand on Sept 10, 2021.
             Was an Initiate of Gozag.
             Slain by a wandering mushroom (5 damage)
             ... in the Dungeon (Sprint IV: "Fedhas' Mad Dash").
             The game lasted 00:03:36 (603 turns).

styxcanada the Unseen (Spriggan Brigand)             Turns: 603, Time: 00:03:37

Health: -1/38      AC:  4    Str:  7    XL:     7   Next: 11%
Magic:  7/8        EV: 21    Int: 13    God:    Gozag
Gold:   3          SH:  0    Dex: 18    Spells: 6/6 levels left

rFire    + . .     SeeInvis +   a - +2 dagger
rCold    x . .     Faith    .   (shield restricted)
rNeg     . . .     Spirit   .   r - +1 robe {Will+}
rPois    .         Reflect  .   (helmet restricted)
rElec    .         Harm     .   c - +0 cloak
rCorr    .         Rampage  .   (gloves unavailable)
Will     ++...     NoTele   +   (boots unavailable)
Stlth    +++++++...             m - amulet of invisibility {+Inv}
HPRegen  0.12/turn              n - ring of fire
MPRegen  0.11/turn              (no ring)

@: very slightly contaminated, very quick
A: very small, no large weapons, unfitting armour, see invisible, speed 3
a: Renounce Religion, Evoke Invisibility, Potion Petition, Call Merchant, Bribe
Branch


You were in the Dungeon.
You worshipped Gozag.
Gozag was noncommittal.
You visited 1 branch You collected 289 gold pieces.
You spent 286 gold pieces at shops.

Inventory:

Hand Weapons
 a - a +2 dagger (weapon)
Missiles
 d - 7 poisoned darts (quivered)
 e - 2 curare-tipped darts
Armour
 c - a +0 cloak (worn)
 r - a +1 robe of willpower (worn)
Jewellery
 m - the amulet of invisibility (around neck) {+Inv}
   (You found it in the Dungeon)

   [amulet of nothing]

   +Inv:      It lets you turn invisible.
 n - a ring of fire (left hand)
Scrolls
 k - a scroll of blinking
 l - a scroll of amnesia {unknown}
 o - a scroll of identify {unknown}
Potions
 f - 2 potions of curing
 g - 2 potions of heal wounds
 h - a potion of haste
 i - 2 potions of magic
 j - 2 potions of berserk rage
 p - a potion of mutation
 q - a potion of degeneration


   Skills:
 * Level 4.5 Fighting
 + Level 4.2 Short Blades
 + Level 4.2 Throwing
 * Level 6.9 Dodging
 * Level 17.0 Stealth
 * Level 6.5 Evocations


You had 6 spell levels left.
You didn't know any spells.
Your spell library was empty.

Dungeon Overview and Level Annotations

Branches:
Dungeon (1/1)

Altars:
Cheibriados
Dithmenos
Elyvilon
Gozag
Hepliaklqana
Kikubaaqudgha
Makhleb
Nemelex Xobeh
Okawaru
Qazlal
Ru
Sif Muna
Trog
Uskayaw
Vehumet
Wu Jian
Xom
Yredelemnul
Zin
The Shining One
Beogh
Jiyva
Lugonu

Shops:
D ![


Innate Abilities, Weirdness & Mutations

You are very small and have problems with some larger weapons.
You are too small for most types of armour.
You have supernaturally acute eyesight. (SInv)
You cover ground extremely quickly. (Speed+++)


Message History

The puff of flame misses you.
The wandering mushroom closely misses you.
You hit the wandering mushroom.
The wandering mushroom is heavily damaged.
You hit the wandering mushroom but do no damage.
The wandering mushroom is heavily damaged.
You hit the wandering mushroom but do no damage.
The wandering mushroom is heavily damaged.
The wandering mushroom barely misses you.
Unknown command.
You hit the wandering mushroom but do no damage.
The wandering mushroom is heavily damaged.
The wandering mushroom barely misses you.
You hit the wandering mushroom but do no damage.
The wandering mushroom is heavily damaged.
The wandering mushroom completely misses you.
You hit the wandering mushroom.
The wandering mushroom is heavily damaged.
You hit the wandering mushroom but do no damage.
The wandering mushroom is heavily damaged.
The burning bush throws fire at you. The puff of flame misses you.
You hit the wandering mushroom but do no damage.
The wandering mushroom is heavily damaged.
You flicker back into view.
The wandering mushroom closely misses you.
You hit the wandering mushroom but do no damage.
The wandering mushroom is heavily damaged.
The burning bush throws fire at you. The puff of flame hits you. You resist.
* * * LOW HITPOINT WARNING * * *
The wandering mushroom completely misses you.
You hit the wandering mushroom but do no damage.
The wandering mushroom is heavily damaged.
The burning bush throws fire at you. The puff of flame hits you! You resist.
* * * LOW HITPOINT WARNING * * *
The wandering mushroom releases spores at you.
You die...
Your body crumbles into a pile of gold.

#####################
_._._.⌠.#..'.))#....#
._._._..'..#[..#...P+$
_._._...#..###'##.?(#
$$
._._._..#..##∩∩.@f..#
_._._.⌠.#############
######### $ $$ $


You could see a wandering mushroom and a burning bush.

Vanquished Creatures
  A wandering mushroom (D)
  3 scorpions (D)
  3 oklob saplings (D)
  2 spriggans (D)
  A river rat (D)
  A rat (D)
11 creatures vanquished.

Vanquished Creatures (others)
  A fungus (D)
1 creature vanquished.

Grand Total: 12 creatures vanquished

Notes
Turn   | Place    | Note
-------+----------+-------------------------------------------
     0 | D        | styxcanada the Spriggan Brigand began the quest for the
                  | Orb.
     0 | D        | Reached XP level 1. HP: 10/10 MP: 2/2
    13 | D        | Reached skill level 7 in Stealth
    13 | D        | Reached XP level 2. HP: 15/15 MP: 3/3
    20 | D        | Reached skill level 8 in Stealth
    51 | D        | Noticed an oklob sapling
    53 | D        | Killed an oklob sapling
    54 | D        | Reached skill level 9 in Stealth
    54 | D        | Reached XP level 3. HP: 19/19 MP: 4/4
    55 | D        | Noticed a scorpion
    55 | D        | Found the amulet of invisibility {+Inv}
    57 | D        | Killed a scorpion
    58 | D        | Reached skill level 12 in Stealth
    58 | D        | Reached XP level 4. HP: 23/23 MP: 5/5
    81 | D        | Found an opulent altar of Gozag.
    81 | D        | Found a hazy altar of Hepliaklqana.
    81 | D        | Found a burning altar of Makhleb.
    81 | D        | Found a sparkling altar of Nemelex Xobeh.
    81 | D        | Found a snail-covered altar of Cheibriados.
    81 | D        | Found a sacrificial altar of Ru.
    81 | D        | Found a shimmering blue altar of Sif Muna.
    81 | D        | Found a shimmering altar of Xom.
    81 | D        | Found a basalt altar of Yredelemnul.
    82 | D        | Found a viscous altar of Jiyva.
    82 | D        | Found a bloodstained altar of Trog.
    82 | D        | Found an ornate altar of the Wu Jian Council.
    83 | D        | Found an iron altar of Okawaru.
    83 | D        | Found a shadowy altar of Dithmenos.
    83 | D        | Found a glowing silver altar of Zin.
    84 | D        | Found an ancient bone altar of Kikubaaqudgha.
    84 | D        | Found a hide-covered altar of Uskayaw.
    85 | D        | Found a stormy altar of Qazlal.
    85 | D        | Found a white marble altar of Elyvilon.
    85 | D        | Found a glowing golden altar of the Shining One.
    86 | D        | Became a worshipper of Gozag Ym Sagoz the Greedy
    87 | D        | Found a corrupted altar of Lugonu.
    87 | D        | Found a radiant altar of Vehumet.
    91 | D        | Reached skill level 13 in Stealth
    91 | D        | Reached XP level 5. HP: 28/28 MP: 3/6
   150 | D        | Reached skill level 5 in Dodging
   150 | D        | Reached skill level 14 in Stealth
   151 | D        | Reached skill level 15 in Stealth
   153 | D        | Reached XP level 6. HP: 33/33 MP: 4/7
   167 | D        | Found Logor's Antique Armour Shop.
   168 | D        | Found Miomp's Distillery.
   173 | D        | Bought a potion of mutation for 88 gold pieces
   173 | D        | Bought a potion of heal wounds for 55 gold pieces
   173 | D        | Bought a potion of berserk rage for 55 gold pieces
   173 | D        | Bought a potion of degeneration for 11 gold pieces
   174 | D        | Bought a glowing robe for 77 gold pieces
   220 | D        | Noticed a burning bush
   220 | D        | Noticed a wandering mushroom
   221 | D        | Noticed a wandering mushroom
   591 | D        | Killed a wandering mushroom
   592 | D        | Reached skill level 17 in Stealth
   592 | D        | Reached XP level 7. HP: 15/38 MP: 6/8
   603 | D        | Slain by a wandering mushroom

Illustrated notes

Levels and vault maps discovered:
D:        dungeon_sprint_fedhas [sprint_temple]

Skill      XL: |  1  2  3  4  5  6 |
---------------+-------------------+-----
Dodging        | 2 3 4 5 6 |  6.9
Stealth        | 7 9 12 13 15 17 | 17.0
Fighting       | 2 3 4 |  4.5
Short Blades   | 3 4 |  4.2
Throwing       | 3 4 |  4.2
Evocations     | 2 3 6 |  6.5

Action                   |  1- 3 |  4- 6 |  7- 9 || total
-------------------------+-------+-------+-------++-------
Melee: Dagger            |    11 |    19 |    11 ||    41
Throw: Dart              |     8 |       |       ||     8
 Abil: Evoke Invisibilit |       |     5 |       ||     5
 Stab: Sleeping          |     2 |     5 |       ||     7
       Invisible         |       |     4 |       ||     4
Armor: Robe              |     1 |     1 |       ||     2
Dodge: Dodged            |     1 |     8 |     9 ||    18
